 Dungeon Crawl Stone Soup version 0.30-a0-830-gfe289a77b0 (webtiles) character file.

Game seed: 12228736293557381021

710 PLAYERX the Fighter (level 7, 0/67 HPs)
             Began as a Gnoll Wanderer on Feb 28, 2023.
             Succumbed to a gnoll's poison
             ... on level 4 of the Dungeon.
             The game lasted 00:20:58 (4674 turns).

PLAYERX the Fighter (Gnoll Wanderer)                Turns: 4674, Time: 00:20:59

Health: 0/67       AC:  9    Str: 15    XL:     7   Next: 68%
Magic:  13/13      EV: 10    Int:  9    God:
Gold:   131        SH:  0    Dex: 12    Spells: 14/14 levels left

rFire   . . .      SeeInvis .    a - +3 dagger (elec)
rCold   . . .      Faith    .    (no shield)
rNeg    + + .      Spirit   .    e - +0 scale mail
rPois   .          Reflect  .    m - +1 helmet
rElec   .          Harm     .    (no cloak)
rCorr   .          Rampage  .    (no gloves)
Will    .....                    (no boots)
Stlth   +                        (no amulet)
HPRegen 0.31/turn                w - ring of positive energy
MPRegen 0.13/turn                v - ring of positive energy

@: brilliant, lethally poisoned (0 -> -6), on berserk cooldown, slowed, very
slow
A: fangs 1, strong nose, distributed training
a: no special abilities


You were on level 4 of the Dungeon.
You visited 1 branch of the dungeon, and saw 5 of its levels.

You collected 131 gold pieces.

Inventory:

Hand Weapons
 a - a +3 dagger of electrocution (weapon)
 f - a +1 antimagic halberd
Armour
 e - a +0 scale mail (worn)
 m - a +1 helmet (worn)
Jewellery
 v - a ring of positive energy (right hand)
 w - a ring of positive energy (left hand)
Scrolls
 d - 4 scrolls of teleportation
 g - 3 scrolls of poison
 j - a scroll of vulnerability
 o - a scroll of fog
Potions
 h - a potion of invisibility
 k - a potion of cancellation
 n - a potion of brilliance
 t - a potion of mutation


   Skills:
 + Level 10.8 Fighting
 + Level 2.7 Short Blades
 + Level 2.7 Long Blades
 + Level 2.7 Axes
 + Level 2.7 Maces & Flails
 + Level 2.7 Polearms
 + Level 2.7 Staves
 + Level 2.7 Ranged Weapons
 + Level 2.7 Throwing
 + Level 3.8 Armour
 + Level 2.7 Dodging
 + Level 2.7 Stealth
 + Level 2.7 Shields
 + Level 5.4 Unarmed Combat
 + Level 4.0 Spellcasting
 + Level 2.2 Conjurations
 + Level 2.2 Hexes
 + Level 2.2 Summonings
 + Level 2.2 Necromancy
 + Level 2.2 Translocations
 + Level 2.2 Transmutations
 + Level 2.2 Fire Magic
 + Level 2.2 Ice Magic
 + Level 2.2 Air Magic
 + Level 2.2 Earth Magic
 + Level 2.2 Poison Magic
 + Level 3.0 Invocations
 + Level 3.8 Evocations


You had 14 spell levels left.
You didn't know any spells.
Your spell library contained the following spells:

 Spells                   Type           Power      Damage    Failure   Level
 Sublimation of Blood     Necr           8%         N/A       52%         2
 Portal Projectile        Hex/Tloc       16%        N/A       77%         3
 Tukima's Dance           Hex            8%         N/A       77%         3
 Animate Dead             Necr           8%         N/A       99%         4
 Sticky Flame             Conj/Fire      8%         2d3       99%         4
 Blade Hands              Tmut           4%         N/A       100%        5
 Conjure Ball Lightning   Conj/Air       4%         3x3d6     100%        6


Dungeon Overview and Level Annotations

Branches:
Dungeon (5/15)
 Temple: D:4-7

Altars:
Fedhas
Ru


Innate Abilities, Weirdness & Mutations

You have very sharp teeth.
Your uncanny sense of smell can sniff out nearby items.
Your experience applies equally to all skills.


Message History

The gnoll sergeant hits you from afar with a +0 spear.
* * * LOW HITPOINT WARNING * * *
You feel sick. The gnoll barely misses you.
The gnoll sergeant hits you but does no damage.
Things that are here:
a +0 club; a +0 flail You feel sick.
The gnoll closely misses you.
You feel sick. The gnoll closely misses you.
The gnoll sergeant hits you from afar with a +0 spear.
* * * LOW HITPOINT WARNING * * *
There is a stone staircase leading up here.
You feel less invigorated.
You feel less confused.
You feel sick.
The gnoll hits you from afar with a +0 halberd of venom!
* * * LOW HITPOINT WARNING * * *
You are lethally poisoned!
The gnoll sergeant barely misses you.
You climb upwards.
* * * LOW HITPOINT WARNING * * *
You feel extremely sick.
There is a stone staircase leading down here.
You see here 3 potions of degeneration.
Okay, then.
A red film seems to cover your vision as you go berserk!
You feel yourself moving faster!
You feel mighty!
* * * LOW HITPOINT WARNING * * *
You feel very sick.
You feel a strong urge to attack something.
* * * LOW HITPOINT WARNING * * *
You feel sick.
* * * LOW HITPOINT WARNING * * *
You feel sick.
You feel your anger nearly subside.
* * * LOW HITPOINT WARNING * * *
You feel sick.
You are no longer berserk.
You are exhausted.
You feel yourself slow down.
You die...

#.....P.PPP..##...# #....##.....
#......P_PP...#...# #....##.....
######PPPPP...#...####....##.....
#....P.P....#......#...........
###...........#......#...........
#.............#......#...........
#....#........#.###.#..........#.
#....##.#####....................
#....##.#####...@....<...........
##...................##.###......
#........###..(>....##.###......
#.......................########
#.........###...........#.......
#.........#.............#.......
#.........#.............#.......
#.........#.............#.......
#...#####.#..#..#.##.####.......


There were no monsters in sight!

Vanquished Creatures
  A water moccasin (D:3)
  A black bear (D:4)
  An ogre (D:5)
  A bullfrog (D:4)
  An orc priest (D:3)
  Terence (D:2)
  An iguana (D:4)
  4 orc wizards
  7 gnolls
  4 adders
  2 worms
  4 dart slugs
  18 orcs
  A ball python (D:1)
  5 bats
  An endoplasm (D:3)
  2 giant cockroaches
  5 goblins
  9 hobgoblins
  4 quokkas
  2 frilled lizards
  6 kobolds
  3 rats
84 creatures vanquished.

Vanquished Creatures (others)
  2 fungi (D:4)
2 creatures vanquished.

Grand Total: 86 creatures vanquished

Notes
Turn   | Place    | Note
-------+----------+-------------------------------------------
     0 | D:1      | Reached skill level 10 in Fighting
     0 | D:1      | PLAYERX the Gnoll Wanderer began the quest for the Orb.
     0 | D:1      | PLAYERX set off with the following items: a +0 club, a
                  | potion of berserk rage, 2 potions of curing, a scroll of
                  | teleportation, a +0 leather armour, a scroll of blinking.
     0 | D:1      | Reached XP level 1. HP: 29/29 MP: 4/4
   433 | D:1      | Reached XP level 2. HP: 34/36 MP: 5/5
  1034 | D:2      | Noticed Terence
  1052 | D:2      | Killed Terence
  1053 | D:2      | Reached skill level 1 in Short Blades
  1053 | D:2      | Reached skill level 1 in Long Blades
  1053 | D:2      | Reached skill level 1 in Axes
  1053 | D:2      | Reached skill level 1 in Maces & Flails
  1053 | D:2      | Reached skill level 1 in Polearms
  1053 | D:2      | Reached skill level 1 in Staves
  1053 | D:2      | Reached skill level 1 in Ranged Weapons
  1053 | D:2      | Reached skill level 1 in Throwing
  1053 | D:2      | Reached skill level 1 in Dodging
  1053 | D:2      | Reached skill level 1 in Stealth
  1053 | D:2      | Reached skill level 1 in Shields
  1053 | D:2      | Reached skill level 1 in Invocations
  1053 | D:2      | Reached XP level 3. HP: 2/42 MP: 7/7
  1352 | D:2      | Got Qinaseoz's Incunabulum of the Vehement Mausoleum
  1386 | D:2      | Found a faded altar of an unknown god.
  1393 | D:2      | Reached XP level 4. HP: 44/48 MP: 8/8
  1481 | D:2      | Reached skill level 1 in Conjurations
  1481 | D:2      | Reached skill level 1 in Hexes
  1481 | D:2      | Reached skill level 1 in Summonings
  1481 | D:2      | Reached skill level 1 in Necromancy
  1481 | D:2      | Reached skill level 1 in Translocations
  1481 | D:2      | Reached skill level 1 in Transmutations
  1481 | D:2      | Reached skill level 1 in Fire Magic
  1481 | D:2      | Reached skill level 1 in Ice Magic
  1481 | D:2      | Reached skill level 1 in Air Magic
  1481 | D:2      | Reached skill level 1 in Earth Magic
  1481 | D:2      | Reached skill level 1 in Poison Magic
  1507 | D:2      | Reached XP level 5. HP: 15/54 MP: 1/9
  1910 | D:3      | Noticed a water moccasin
  1927 | D:3      | Killed a water moccasin
  1928 | D:3      | Reached XP level 6. HP: 7/61 MP: 3/11
  2468 | D:3      | Reached skill level 5 in Unarmed Combat
  3486 | D:4      | Reached XP level 7. HP: 35/67 MP: 12/12
  3872 | D:4      | Found a sacrificial altar of Ru.
  4125 | D:4      | Found a blossoming altar of Fedhas.
  4341 | D:5      | Entered Level 5 of the Dungeon
  4378 | D:5      | HP: 3/67 [gnoll sergeant/+0 spear (5)]
  4659 | D:5      | HP: 3/67 [gnoll sergeant/+0 spear (10)]
  4671 | D:4      | HP: 4/100 [poisoned by a gnoll]
  4674 | D:4      | Succumbed to a gnoll's poison

Illustrated notes

Levels and vault maps discovered:
D:1:      dpeg_arrival_leaves_temple_mockup, layout_loops_corners,
          chequers_serial_rivers_room_a, minmay_misc_feat_chi,
          serial_park_tiny_2
D:2:      layout_rooms, dreamdust_ecumenical_altar_statues, st_stairs_8,
          uniq_terence
D:3:      wad_crossroads, layout_basic
D:4:      layout_basic, nicolae_ru_the_path_less_chosen, fedhas_altar_3
D:5:      layout_loops_ring, general_overflow_altar,
          gammafunk_temple_overflow_pools, chequers_ossuary_entry_cave,
          roderic_lattice_a

Skill      XL: |  1  2  3  4  5  6  7 |
---------------+----------------------+-----
Fighting       | | 10.8
Short Blades   | 1 2 |  2.7
Long Blades    | 1 2 |  2.7
Axes           | 1 2 |  2.7
Maces & Flails | 1 2 |  2.7
Polearms       | 1 2 |  2.7
Staves         | 1 2 |  2.7
Ranged Weapons | 1 2 |  2.7
Throwing       | 1 2 |  2.7
Dodging        | 1 2 |  2.7
Stealth        | 1 2 |  2.7
Shields        | 1 2 |  2.7
Invocations    | 1 2 3 |  3.0
Spellcasting   | 3 4 |  4.0
Conjurations   | 1 2 |  2.2
Hexes          | 1 2 |  2.2
Summonings     | 1 2 |  2.2
Necromancy     | 1 2 |  2.2
Translocations | 1 2 |  2.2
Transmutations | 1 2 |  2.2
Fire Magic     | 1 2 |  2.2
Ice Magic      | 1 2 |  2.2
Air Magic      | 1 2 |  2.2
Earth Magic    | 1 2 |  2.2
Poison Magic   | 1 2 |  2.2
Armour         | 3 |  3.8
Evocations     | 3 |  3.8
Unarmed Combat | 5 |  5.4

Action                     |  1- 3 |  4- 6 |  7- 9 || total
---------------------------+-------+-------+-------++-------
  Melee: Club              |    18 |       |       ||    18
         Mace              |    67 |    32 |       ||    99
         Bite              |     5 |    12 |     7 ||    24
         Punch             |     3 |     3 |     4 ||    10
         Halberd           |       |    73 |       ||    73
         Dagger            |       |    75 |    88 ||   163
  Throw: Throwing net      |       |     2 |       ||     2
    Use: Potion            |       |     3 |     7 ||    10
         Scroll            |       |     1 |    11 ||    12
 Armour: Leather armour    |    18 |       |       ||    18
         Scale mail        |    25 |   120 |    27 ||   172
  Dodge: Dodged            |    48 |   129 |    51 ||   228

Table legend: (Time is in decaauts)
 A = Elapsed time spent in this place.
 B = Non-inter-level travel time spent in this place.
 C = Inter-level travel time spent in this place.
 D = Time resting spent in this place.
 E = Time spent auto-exploring this place.
 F = Levels seen in this place.
 G = Mean time per level.
                   A        B        C        D        E       F      G
               +--------+--------+--------+--------+--------+-----+--------+
         Total |   4732 |   4671 |     61 |   1102 |   2412 |   5 |  946.4 |
       Dungeon |   4732 |   4671 |     61 |   1102 |   2412 |   5 |  946.4 |
               +--------+--------+--------+--------+--------+-----+--------+

Top non-repeatable levels by time:
     D:3: 1408 daAuts
     D:4: 1247 daAuts
     D:2: 1049 daAuts
     D:1: 960 daAuts
     D:5: 66 daAuts
